 Dungeon Crawl Stone Soup version 0.30-a0-279-g4b46babb21 (webtiles) character file.

Game seed: 11288148405415918387

30 slphil the Shield-Bearer (level 3, -1/30 HPs)
             Began as a Formicid Fighter on Oct 17, 2022.
             Succumbed to a goblin's poison
             ... on level 1 of the Dungeon.
             The game lasted 00:00:53 (287 turns).

slphil the Shield-Bearer (Formicid Fighter)          Turns: 287, Time: 00:00:54

Health: -1/30      AC:  6    Str: 22    XL:     3   Next: 37%
Magic:  3/3        EV:  9    Int:  7    God:
Gold:   34         SH:  5    Dex: 13    Spells: 2/2 levels left

rFire   + . .      SeeInvis +    a - +0 quarterstaff
rCold   . . .      Faith    .    c - +0 buckler
rNeg    . . .      Spirit   .    b - +0 scale mail
rPois   .          Reflect  .    (helmet unavailable)
rElec   .          Harm     .    (no cloak)
rCorr   .          Rampage  .    (no gloves)
Will    .....                    (no boots)
Stlth   ..........               (no amulet)
HPRegen 0.25/turn                e - ring of protection from fire
MPRegen 0.08/turn                (no ring)

@: mighty, lethally poisoned (-1 -> -2)
A: permanent stasis, dig shafts and tunnels, antennae 3, four strong arms
a: Dig, Shaft Self


You were on level 1 of the Dungeon.
You visited 1 branch of the dungeon, and saw 1 of its levels.

You collected 34 gold pieces.

Inventory:

Hand Weapons
 a - a +0 quarterstaff (weapon)
Armour
 b - a +0 scale mail (worn)
 c - a +0 buckler (worn)
Jewellery
 e - a ring of protection from fire (left hand)
 h - an amulet of the acrobat
Scrolls
 f - a scroll of enchant armour {unknown}
 g - a scroll of identify {unknown}


   Skills:
 + Level 3.6 Fighting
 * Level 2.5 Staves
 - Level 3.6 Armour
 - Level 4.4 Shields


You had 2 spell levels left.
You didn't know any spells.
Your spell library was empty.

Dungeon Overview and Level Annotations

Branches:
Dungeon (1/15)

Altars:


Innate Abilities, Weirdness & Mutations

You cannot be hasted, slowed, berserked, paralysed or teleported.
You can dig through walls and to a lower floor.
You have a pair of large antennae on your head. (SInv)
Your four strong arms can wield two-handed weapons with a shield.


Message History

You block the giant cockroach's attack.
The ball python bites you but does no damage.
The ball python constricts you.
You completely miss the ball python.
You feel sick. The giant cockroach barely misses you.
The ball python bites you but does no damage.
The ball python constricts you.
Unknown command.
You closely miss the ball python.
You feel sick.
The giant cockroach bites you but does no damage.
The ball python bites you.
* * * LOW HITPOINT WARNING * * *
The ball python constricts you.
The giant cockroach bites you but does no damage.
You hit the ball python.
The ball python is severely wounded.
You feel sick.
The ball python bites you but does no damage.
The ball python constricts you. You block the giant cockroach's attack.
You block the ball python's attack. The ball python constricts you.
Unknown command.
You feel very mighty all of a sudden.
You feel sick.
The giant cockroach bites you but does no damage.
The ball python bites you.
* * * LOW HITPOINT WARNING * * *
The ball python constricts you.
Unknown command.
You closely miss the ball python.
The ball python is moderately wounded.
You feel sick. The giant cockroach barely misses you.
The ball python closely misses you. The ball python constricts you.
The giant cockroach bites you.
* * * LOW HITPOINT WARNING * * *
The ball python bites you but does no damage.
The ball python constricts you.
* * * LOW HITPOINT WARNING * * *
You sock the ball python!
You kill the ball python!
You die...

#.## #.......... #.##
#.......... #.#.
###.......!.. #...
.........J.. #... #
#........ #...
###.###...... #...
........##.###########..
......)@.J..........)...
###.####B......#..###...
##.###'###+###'##
#..##...#...#...#
...###...#~.~#..≈# ##..
#...#~.~#.§≈# ##.
#...#≈.≈#≈≈≈# #.
#...#~.~#≈§.#
#...#~.≈#§..#


You could see an endoplasm and a giant cockroach.

Vanquished Creatures
  A gnoll (D:1)
  2 ball pythons (D:1)
  3 endoplasms (D:1)
  4 goblins (D:1)
  2 hobgoblins (D:1)
  2 quokkas (D:1)
  2 bats (D:1)
  A kobold (D:1)
  2 rats (D:1)
19 creatures vanquished.

Notes
Turn   | Place    | Note
-------+----------+-------------------------------------------
     0 | D:1      | slphil the Formicid Fighter began the quest for the Orb.
     0 | D:1      | Reached XP level 1. HP: 18/18 MP: 1/1
    57 | D:1      | Reached XP level 2. HP: 22/24 MP: 2/2
    87 | D:1      | Reached XP level 3. HP: 26/29 MP: 3/3
   286 | D:1      | HP: 1/30 [constriction (1)]
   287 | D:1      | Succumbed to a goblin's poison

Illustrated notes

Levels and vault maps discovered:
D:1:      lightli_arrival_quake, layout_rooms, hellmonk_ecumenical_altar_zigzags

Action                   || total
-------------------------++-------
Melee: Quarterstaff      ||    68
  Use: Potion            ||     1
Armor: Scale mail        ||    35
Dodge: Dodged            ||    26
Block: Buckler           ||    23

Table legend: (Time is in decaauts)
 A = Elapsed time spent in this place.
 B = Non-inter-level travel time spent in this place.
 C = Inter-level travel time spent in this place.
 D = Time resting spent in this place.
 E = Time spent auto-exploring this place.
 F = Levels seen in this place.
 G = Mean time per level.
                   A        B        C        D        E       F      G
               +--------+--------+--------+--------+--------+-----+--------+
         Total |    302 |    302 |      0 |      0 |    184 |   1 |  302.0 |
       Dungeon |    302 |    302 |      0 |      0 |    184 |   1 |  302.0 |
               +--------+--------+--------+--------+--------+-----+--------+

Top non-repeatable levels by time:
     D:1: 302 daAuts
